 Dungeon Crawl Stone Soup version 0.25-a0-634-gd1561dc703 (webtiles) character file.

Game seed: 1808374808814060163, levelgen mode: deterministic

4948 An17 the Carver (level 10, -13/51 HPs)
             Began as a Vine Stalker Gladiator on Mar 20, 2020.
             Was a Priest of Wu Jian.
             Killed from afar by Erica (21 damage)
             ... with a bolt of poison
             ... on level 9 of the Dungeon.
             The game lasted 00:26:57 (5670 turns).

An17 the Carver (Vine Stalker Gladiator)            Turns: 5670, Time: 00:27:00

Health: -13/51     AC: 10    Str: 21    XL:     10   Next: 52%
Magic:  0/11       EV: 12    Int:  8    God:    Wu Jian [***...]
Gold:   312        SH:  0    Dex: 15    Spells: 9/9 levels left

rFire    . . .     SeeInvis .   r - +3 scimitar (elec)
rCold    . . .     Gourm    .   (no shield)
rNeg     . . .     Faith    .   p - +0 scale mail (curse)
rPois    .         Spirit   +   c - +1 helmet
rElec    .         Reflect  .   z - +0 cloak
rCorr    .         Harm     .   (no gloves)
MR       +....                  (no boots)
Stlth    ++........             (no amulet)
HPRegen  0.57/turn              B - ring of stealth
MPRegen  0.12/turn              (no ring)

@: lethally poisoned (-13 -> -26), slowed, very slow
A: fangs 3, regeneration 1, magic shield, antimagic bite, no potion heal 3, rot
immunity
a: Wall Jump, Serpent's Lash, Renounce Religion


You were on level 9 of the Dungeon.
You worshipped Wu Jian.
Wu Jian was most pleased with you.
You were not hungry.

You visited 2 branches of the dungeon, and saw 10 of its levels.

You collected 337 gold pieces.
You spent 25 gold pieces at shops.

Inventory:

Hand Weapons
 a - a +0 rapier
 k - a +2 dagger of holy wrath
 r - a +3 scimitar of electrocution (weapon)
Missiles
 d - 3 throwing nets (quivered)
 e - 7 javelins
 l - 18 poisoned darts
Armour
 b - a +0 leather armour
 c - a +1 helmet (worn)
 p - a cursed +0 scale mail (worn)
 s - a +0 chain mail
 z - a +0 cloak (worn)
Jewellery
 B - a ring of stealth (left hand)
Wands
 h - a wand of paralysis (3)
 o - a wand of iceblast (5)
 q - a wand of scattershot (6)
 C - a wand of polymorph (9)
Scrolls
 f - 2 scrolls of amnesia
 t - 4 scrolls of remove curse
 w - 2 scrolls of teleportation
 y - a scroll of enchant weapon
 A - a scroll of fear
 D - a scroll of fog
Potions
 g - 2 potions of heal wounds
 i - a potion of curing
 j - 2 potions of stabbing
 n - 3 potions of lignification
 u - a potion of mutation
 v - 2 potions of brilliance
 x - a potion of resistance
Comestibles
 m - 9 rations


   Skills:
 + Level 5.4 Fighting
 * Level 6.3(8.4) Short Blades
 + Level 8.5(9.4) Long Blades
 + Level 2.0 Throwing
 + Level 5.0 Armour
 + Level 4.7 Dodging
 + Level 3.6 Stealth


You had 9 spell levels left.
You didn't know any spells.
Your spell library was empty.

Dungeon Overview and Level Annotations

Branches:
Dungeon (9/15)             Temple (1/1) D:4
   Lair: D:8-11         Orc: D:9-12

Altars:
Ashenzari
Cheibriados
Dithmenos
Elyvilon
Fedhas
Gozag
Hepliaklqana
Kikubaaqudgha
Makhleb
Nemelex Xobeh
Okawaru
Qazlal
Ru
Sif Muna
Trog
Uskayaw
Vehumet
Wu Jian
Xom
Yredelemnul
Zin
The Shining One

Shops:
D:4 *   D:5 *   D:6 =}%   D:7 *   D:9 ?

Annotations:
D:9 Erica


Innate Abilities, Weirdness & Mutations

You have razor-sharp teeth.
Your natural rate of healing is unusually fast.
When hurt, damage is shared between your health and your magic reserves.
Your bite disrupts and absorbs the magic of your enemies.
Potions cannot restore your health.
You are immune to rotting.


Message History

Erica is moderately wounded.
Erica closely misses you.
You riposte.
You slash Erica!
Erica is heavily wounded.
Erica falters for a moment.
You hit Erica. Your bite misses Erica.
Erica is heavily wounded.
Erica hits you but does no damage.
You slash Erica!
Erica is severely wounded.
Erica points at you and mumbles some strange words.
The bolt of poison hits you!!
You are poisoned.
* * * LOW HITPOINT WARNING * * *
You slash Erica!
Erica is severely wounded.
You feel sick. Erica casts a spell at you. The bolt of poison hits you!!
You are lethally poisoned!
You die...

#####.....)....#
#####.###### #.# #.#
..######### #.#
..........# #.#
<.........# ######'######
..........###...........#
........@@#.'...........'
..........#.#......>....#
............#.....†.....#
..........###...........#
..........# #..........)#
.#######.####...........#
#..8.8.8......>...#
###...⌠.⌠...........#
#....8.∩.8#####..####


You could see Erica.

Vanquished Creatures
  2 hornets
  A hippogriff (D:9)
  A wyvern (D:9)
  Menkaure (D:7)
  2 soldier ants (D:9)
  A hornet zombie (D:7)
  Duvessa (D:4)
  2 orc warriors
  5 ice beasts
  A black bear (D:7)
  A sky beast (D:6)
  2 ogres
  4 phantoms
  A centaur (D:4)
  A big kobold (D:8)
  5 bullfrogs
  A wyvern zombie (D:9)
  Dowan (D:4)
  2 scorpions
  8 killer bees
  A centaur zombie (D:5)
  2 crimson imps
  2 hounds
  A bullfrog zombie (D:8)
  6 orc wizards
  5 orc priests
  2 bullfrog skeletons
  Ijyb (D:4)
  Natasha (twice) (D:4)
  9 worker ants
  2 hound skeletons
  A worker ant zombie (D:5)
  13 gnolls
  14 adders
  3 shadow imps
  2 oozes
  An adder skeleton (D:6)
  2 worms (D:3)
  5 dart slugs
  6 leopard geckos
  29 orcs
  7 bats
  3 giant cockroaches
  5 goblins
  9 hobgoblins
  22 jackals
  6 quokkas
  2 ball pythons
  8 kobolds
  2 leopard gecko skeletons
  5 rats
221 creatures vanquished.

Vanquished Creatures (others)
  An orc wizard (D:4)
1 creature vanquished.

Grand Total: 222 creatures vanquished

Notes
Turn   | Place    | Note
-------+----------+-------------------------------------------
     0 | D:1      | An17 the Vine Stalker Gladiator began the quest for the
                  | Orb.
     0 | D:1      | Reached XP level 1. HP: 11/11 MP: 2/2
   486 | D:1      | Reached XP level 2. HP: 11/15 MP: 3/3
   799 | D:2      | Reached XP level 3. HP: 16/18 MP: 4/4
  1091 | D:2      | Gained mutation: Your natural rate of healing is unusually
                  | fast. [Vine Stalker growth]
  1091 | D:2      | Reached XP level 4. HP: 3/23 MP: 5/5
  1140 | D:2      | Found a hazy altar of Hepliaklqana.
  1340 | D:2      | Reached skill level 1 in Armour
  1340 | D:2      | Reached XP level 5. HP: 23/26 MP: 4/6
  1638 | D:3      | Found a snail-covered altar of Cheibriados.
  1694 | D:3      | Reached skill level 1 in Stealth
  2109 | D:4      | Noticed Duvessa
  2109 | D:4      | Noticed Dowan
  2109 | D:4      | Noticed a centaur
  2168 | D:4      | Found Cicwio's General Store.
  2204 | D:4      | Noticed Ijyb
  2204 | D:4      | Paralysed by Ijyb for 2 turns
  2213 | D:4      | Paralysed by Ijyb for 6 turns
  2224 | D:4      | Killed Ijyb
  2224 | D:4      | Reached XP level 6. HP: 32/32 MP: 7/7
  2276 | D:4      | Noticed Natasha
  2285 | D:4      | Killed Natasha
  2410 | D:4      | Noticed Natasha
  2416 | D:4      | Killed Natasha
  2457 | D:4      | Noticed a phantom
  2478 | D:4      | Killed a phantom
  2517 | D:4      | Found a sparkling altar of Nemelex Xobeh.
  2571 | D:4      | Noticed an orc warrior
  2580 | D:4      | Reached XP level 7. HP: 33/35 MP: 8/8
  2635 | D:4      | Reached skill level 5 in Short Blades
  2703 | D:4      | Found a staircase to the Ecumenical Temple.
  2720 | Temple   | Entered the Ecumenical Temple
  2794 | Temple   | Became a worshipper of the Wu Jian Council
  2847 | D:4      | Found an opulent altar of Gozag.
  2869 | D:4      | Killed Duvessa
  2869 | D:4      | Reached skill level 1 in Long Blades
  2869 | D:4      | Gained mutation: You have razor-sharp teeth. [Vine Stalker
                  | growth]
  2869 | D:4      | Reached XP level 8. HP: 21/40 MP: 3/9
  2876 | D:4      | Killed Dowan
  3183 | D:5      | Entered Level 5 of the Dungeon
  3258 | D:5      | Reached skill level 2 in Long Blades
  3262 | D:5      | Found Lesu's General Store.
  3298 | D:5      | Reached * piety under Wu Jian
  3327 | D:5      | Reached skill level 3 in Long Blades
  3374 | D:5      | Found a glowing silver altar of Zin.
  3656 | D:6      | Reached skill level 4 in Long Blades
  3819 | D:6      | Reached ** piety under Wu Jian
  3820 | D:6      | Found Miocag's Food Shoppe.
  3830 | D:6      | Reached XP level 9. HP: 41/45 MP: 8/10
  3832 | D:6      | Reached skill level 5 in Long Blades
  3905 | D:6      | Found Ulibb's Jewellery Shop.
  3985 | D:6      | Found Lueseyma's Gadget Shoppe.
  4080 | D:6      | Found a sacrificial altar of Ru.
  4171 | D:6      | Found an iron altar of Okawaru.
  4288 | D:7      | Found Itwep's Assorted Antiques.
  4309 | D:7      | Bought a scroll labeled HEOPPE RIQOYJA for 25 gold pieces
  4377 | D:7      | Noticed Menkaure
  4388 | D:7      | Killed Menkaure
  4388 | D:7      | Reached skill level 6 in Long Blades
  4548 | D:7      | Reached *** piety under Wu Jian
  4564 | D:7      | Reached skill level 7 in Long Blades
  4831 | D:8      | Found a shattered altar of Ashenzari.
  4943 | D:8      | Found a shimmering blue altar of Sif Muna.
  4983 | D:8      | Reached XP level 10. HP: 51/51 MP: 11/11
  5063 | D:8      | Paralysed by a hornet for 3 turns
  5068 | D:8      | Reached skill level 5 in Fighting
  5068 | D:8      | Reached skill level 8 in Long Blades
  5094 | D:8      | Found a burning altar of Makhleb.
  5471 | D:9      | Found Huecim's Magic Scroll Boutique.
  5640 | D:9      | Reached skill level 5 in Armour
  5659 | D:9      | Noticed Erica
  5670 | D:9      | Killed from afar by Erica

Levels and vault maps discovered:
D:1:      minmay_arrival_radiant_lines, layout_basic, grunt_decor_fettered
D:2:      layout_basic, nicolae_overflow_crystal_walls
D:3:      layout_rooms, kennysheep_slug_shrine, first_ration
D:4:      layout_basic, old_standard_altar,
          minmay_temple_entry_drinking_statues, serial_shops, shop,
          nemelex_dance_club_becter, uniq_natasha, uniq_duvessa, uniq_ijyb
D:5:      layout_rooms, lemuel_crystal_altar, serial_shops,
          nicolae_shop_statue_plus
D:6:      layout_rooms, okawaru_gym_becter, lemuel_coloured_pillars_altar,
          serial_shops, nicolae_shop_stone, shop, nicolae_shop_window_shopping
D:7:      layout_cave_pools, serial_shops, shop, uniq_menkaure
D:8:      layout_basic, evilmike_ruin_ashenzari, kennysheep_little_box,
          bloody_makhleb
D:9:      layout_roguey, lair_entry_dummy, serial_shops,
          nicolae_shop_temple_entry_statues_fountains,
          hangedman_pestilent_swarm, roderic_nine_men_s_morris,
          serial_park_tiny_1, minivault_25_ag, uniq_erica
Temple:   cyrus_circular_temple

Skill      XL: |  1  2  3  4  5  6  7  8  9 10 |
---------------+-------------------------------+-----
Short Blades   | 3 4 5 6 |  6.3
Fighting       | 2 3 4 5 |  5.4
Dodging        | 3 4 |  4.7
Armour         | 1 2 3 4 5 |  5.0
Stealth        | 1 2 3 |  3.6
Long Blades    | 1 4 7 8 |  8.5
Throwing       | 2 |  2.0

Action                   |  1- 3 |  4- 6 |  7- 9 | 10-12 || total
-------------------------+-------+-------+-------+-------++-------
Melee: Rapier            |    84 |   185 |    17 |       ||   286
       Bite              |    21 |    75 |    87 |    25 ||   208
       Scimitar          |       |       |   267 |    85 ||   352
Throw: Throwing net      |       |       |     2 |       ||     2
Invok: Lunge             |       |       |    29 |     7 ||    36
       Whirlwind         |       |       |   129 |    36 ||   165
  Use: Scroll            |     5 |     2 |    10 |     2 ||    19
       Potion            |     1 |       |       |     1 ||     2
 Stab: Sleeping          |       |     4 |     1 |     1 ||     6
       Held in net/web   |       |       |     1 |       ||     1
       Distracted        |       |       |       |     1 ||     1
  Eat: Ration            |       |     2 |     2 |     1 ||     5
Armor: Leather armour    |    19 |    24 |       |       ||    43
       Scale mail        |       |    33 |   107 |    33 ||   173
Dodge: Dodged            |    58 |   101 |   163 |    56 ||   378
       Rpst.: Scimitar   |       |       |    53 |    16 ||    69

Table legend:
 A = Non-vault XP
 B = Vault XP
 C = Vault XP percentage of total XP
 D = Non-vault monster count
 E = Vault monster count
 F = Vault count percentage of total count
                 A         B        C        D         E       F
            +---------+---------+-------+---------+---------+-------
      Total |    5976 |    1093 |  15.5 |     209 |      12 |   5.4
            +---------+---------+-------+---------+---------+-------
        D:1 |      32 |       0 |   0.0 |      16 |       0 |   0.0
        D:2 |     141 |       0 |   0.0 |      28 |       0 |   0.0
        D:3 |     117 |       4 |   3.3 |      22 |       1 |   4.3
        D:4 |     814 |     296 |  26.7 |      22 |       6 |  21.4
        D:5 |     545 |       0 |   0.0 |      26 |       0 |   0.0
        D:6 |     750 |       0 |   0.0 |      34 |       0 |   0.0
        D:7 |    1343 |     172 |  11.4 |      26 |       1 |   3.7
        D:8 |    1090 |       0 |   0.0 |      21 |       0 |   0.0
        D:9 |    1144 |     621 |  35.2 |      14 |       4 |  22.2
            +---------+---------+-------+---------+---------+-------
